 Dungeon Crawl Stone Soup version 0.24-a0-73-g81bb1ad (webtiles) character file.

Game seed: 17129188313259216582

127 slphil the Agent of Entropy (level 4, -2/37 HPs)
             Began as a Demonspawn Abyssal Knight on Feb 6, 2019.
             Was a Priest of Lugonu.
             Slain by a goblin (4 damage)
             ... led by Robin
             ... on level 4 of the Dungeon.
             The game lasted 00:07:29 (3341 turns).

slphil the Agent of Entropy (DsAK)                  Turns: 3341, Time: 00:07:29

Health: -2/37      AC:  3    Str: 17    XL:     4   Next: 85%
Magic:  0/6        EV: 17    Int: 15    God:    Lugonu [***...]
Gold:   108        SH:  0    Dex: 17    Spells: 3/3 levels left

rFire    . . .     SeeInvis .   a - +1 mace
rCold    . . .     Gourm    .   (no shield)
rNeg     . . .     Faith    .   b - +0 leather armour
rPois    .         Spirit   +   (no helmet)
rElec    .         Reflect  .   (no cloak)
rCorr    .         Harm     .   (no gloves)
MR       .....                  (no boots)
Stlth    ++........             (no amulet)
HPRegen  0.12/turn              (no ring)
MPRegen  0.10/turn              (no ring)

@: mighty, agile, flying, hasted, very quick
A: magic shield, sturdy frame 1
a: Depart the Abyss, Bend Space, Banish, Renounce Religion


You were on level 4 of the Dungeon.
You worshipped Lugonu.
Lugonu was most pleased with you.
You were not hungry.

You visited 1 branch of the dungeon, and saw 4 of its levels.
You visited the Abyss 1 time.

You collected 108 gold pieces.

Inventory:

Hand Weapons
 a - a +1 mace (weapon)
 o - a +0 hunting sling
Missiles
 p - 93 stones (quivered)
Armour
 b - a +0 leather armour (worn)
Scrolls
 d - 5 scrolls of identify {unknown}
 e - 3 scrolls of immolation {unknown}
 f - a scroll of noise {unknown}
 j - 2 scrolls of teleportation {unknown}
 l - a scroll of fear {unknown}
 q - a scroll of magic mapping {unknown}
Potions
 g - a potion of mutation {unknown}
 h - a potion of ambrosia {unknown}
 i - a potion of heal wounds {unknown}
 m - a potion of haste
 n - a potion of flight
Comestibles
 c - 4 rations


   Skills:
 + Level 3.6 Fighting
 + Level 2.5 Maces & Flails
 + Level 2.5 Armour
 + Level 2.0 Dodging
 + Level 3.7 Invocations


You had 3 spell levels left.
You didn't know any spells.
Your spell library was empty.

Dungeon Overview and Level Annotations

Branches:
Dungeon (4/15)
 Temple: D:4-7

Altars:
Qazlal

Annotations:
D:3 need flight
D:4 Menkaure, Robin


Innate Abilities, Weirdness & Mutations

When hurt, damage is shared between your health and your magic reserves.
Your movements are slightly less encumbered by armour. (ER -2)


Message History

The goblin hits you.
* * * LOW HITPOINT WARNING * * *
It was a potion of haste.
You feel yourself speed up. The goblin hits you with a +0 club.
* * * LOW HITPOINT WARNING * * *
The leopard gecko misses you. The goblin hits you but does no damage.
It was a potion of flight.
You feel very buoyant.
You fly up into the air.
The goblin hits you with a +0 club.
* * * LOW HITPOINT WARNING * * *
The leopard gecko misses you.
It was a potion of might.
You feel very mighty all of a sudden. The goblin hits you but does no damage.
Robin throws the goblin at you!
* * * LOW HITPOINT WARNING * * *
The goblin closely misses you. The leopard gecko closely misses you.
It was a potion of agility.
You feel agile all of a sudden. The goblin hits you.
You die...

# .##.## ...... #.#.#
#...###### ##
#.......###... .#
#.g#.....gg... .#
########
#@.#.##.###..#
.###......# #glg.# .#
........#.#### #.####
.# .###.##......#
#.#####.# .#
#.####.##.###.......#
.# #.#
#.......######## ##
#......##.##.#
######.##.##.#
........#


You could see Robin, a leopard gecko and 2 goblins.

Vanquished Creatures
  2 adders (D:2)
  3 oozes
  A worm (D:4)
  3 dart slugs
  A leopard gecko (D:1)
  2 giant cockroaches (D:3)
  24 goblins
  14 hobgoblins
  2 jackals (D:2)
  7 kobolds
  7 bats
  3 frilled lizards
  6 rats
75 creatures vanquished.

Notes
Turn   | Place    | Note
-------+----------+-------------------------------------------
     0 | Abyss:1  | slphil the Demonspawn Abyssal Knight began the quest for
                  | the Orb.
     0 | Abyss:1  | Reached XP level 1. HP: 18/18 MP: 2/2
    54 | Abyss:1  | Noticed a large abomination
    55 | D:1      | Escaped the Abyss
    75 | D:1      | Reached skill level 1 in Dodging
   149 | D:1      | Gained mutation: Your movements are slightly less
                  | encumbered by armour. (ER -2) [demonic ancestry]
   149 | D:1      | Reached XP level 2. HP: 20/24 MP: 4/4
   268 | D:1      | Reached * piety under Lugonu
   729 | D:1      | Reached XP level 3. HP: 20/29 MP: 5/5
  1660 | D:2      | Gained mutation: When hurt, damage is shared between your
                  | health and your magic reserves. [demonic ancestry]
  1660 | D:2      | Reached XP level 4. HP: 20/35 MP: 6/6
  1729 | D:2      | Reached ** piety under Lugonu
  2783 | D:3      | Found a stormy altar of Qazlal.
  3076 | D:4      | Noticed Robin
  3078 | D:4      | Noticed Menkaure
  3085 | D:3      | Reached *** piety under Lugonu
  3341 | D:4      | Slain by a goblin

Vault maps used:
D:1:      onia_arrival_mini_spirals, layout_basic
D:2:      layout_loops_ring
D:3:      layout_basic, lemuel_coloured_pillars_altar, minmay_goblin_outpost
D:4:      layout_loops_cross, first_ration, xom_teletrap_fun, uniq_robin,
          uniq_natasha, uniq_edmund, uniq_eustachio, uniq_menkaure Abyss:1:

Skill      XL: |  1  2  3  4 |
---------------+-------------+-----
Dodging        | 1 2 |  2.0
Maces & Flails | 2 |  2.5
Armour         | 2 |  2.5
Invocations    | 3 |  3.7
Fighting       | |  3.6

Action                   |  1- 3 |  4- 6 || total
-------------------------+-------+-------++-------
Melee: Mace              |   162 |    81 ||   243
Throw: Stone             |       |    12 ||    12
Invok: Depart the Abyss  |     1 |       ||     1
  Use: Potion            |     1 |     4 ||     5
 Stab: Sleeping          |       |     1 ||     1
  Eat: Chunk             |     3 |     5 ||     8
Armor: Leather armour    |    57 |    21 ||    78
Dodge: Dodged            |   104 |    70 ||   174

Table legend:
 A = Non-vault XP
 B = Vault XP
 C = Vault XP percentage of total XP
 D = Non-vault monster count
 E = Vault monster count
 F = Vault count percentage of total count
                 A         B        C        D         E       F
            +---------+---------+-------+---------+---------+-------
      Total |     153 |      29 |  15.9 |      60 |      15 |  20.0
            +---------+---------+-------+---------+---------+-------
        D:1 |      51 |       0 |   0.0 |      23 |       0 |   0.0
        D:2 |      81 |       0 |   0.0 |      27 |       0 |   0.0
        D:3 |      16 |      21 |  56.8 |       9 |      11 |  55.0
        D:4 |       5 |       8 |  61.5 |       1 |       4 |  80.0
            +---------+---------+-------+---------+---------+-------
